Map: Catalyst LE

Players

User - Winner!

  • Race: Terran Terran
  • League: Silver
  • Spawn Location: 11:00

A.I. 2 (Very Hard)

  • Race: Terran Terran
  • Spawn Location: 5:00

VOD

Have the link to the VOD?

Description

Time

  • Played on: June 21, 2018, 11:29 a.m.
  • Length: 11:02
Show
View Real Time Build Order
Export as new Build Order

User Terran - Winner!

Build Orders: Reaper Expand, Mech 

Get SALT Encoding   

  12  0:01  SCV  
  13  0:13  SCV  
  14  0:17  Supply Depot  
  14  0:25  SCV  
  15  0:39  SCV  
  15  0:40  Barracks  
  16  0:45  Refinery  
  16  0:51  SCV  
  17  1:03  SCV  
  18  1:15  SCV  
  19  1:28  Orbital Command, Reaper  
  20  1:47  Command Center  
  20  1:58  Supply Depot  
  20  1:59  SCV  
  21  2:06  Marine  
  22  2:11  Refinery, SCV  
  23  2:23  SCV  
  23  2:29  Factory  
  24  2:30  Barracks Reactor  
  24  2:35  SCV  
  25  2:47  SCV  
  25  2:49  Bunker  
  26  2:59  SCV  
  26  3:01  Orbital Command  
  27  3:08  Marine x2  
  27  3:12  SCV  
  30  3:16  Factory Tech Lab  
  30  3:17  Starport  
  30  3:24  SCV  
  30  3:26  Marine x2  
  33  3:27  SCV  
  34  3:35  Siege Tank  
  34  3:36  SCV  
  34  3:40  Supply Depot, SCV  
  39  3:44  Marine x2  
  39  3:48  SCV  
  42  3:52  SCV  
  42  3:53  Viking  
  45  4:00  SCV  
  45  4:02  Marine x2  
  48  4:03  Supply Depot  
  48  4:04  SCV  
  49  4:10  Siege Tank  
  49  4:12  SCV  
  53  4:17  SCV  
  54  4:24  SCV  
  54  4:26  Supply Depot, Marine x2  
  54  4:29  SCV  
  58  4:36  SCV  
  59  4:40  Command Center  
  59  4:41  SCV  
  60  4:48  Siege Tank, SCV  
  60  4:49  Supply Depot, Marine x2  
  66  4:53  SCV  
  66  4:56  Supply Depot  
  67  5:01  SCV  
  67  5:04  Refinery  
  67  5:06  Refinery, SCV  
  69  5:13  SCV  
  70  5:15  Factory  
  70  5:16  Marine x2  
  70  5:18  Supply Depot, SCV  
  70  5:19  Factory  
  73  5:24  Siege Tank, Starport Tech Lab  
  73  5:25  SCV  
  76  5:30  SCV  
  76  5:33  Supply Depot  
  77  5:35  Marine  
  77  5:36  Supply Depot, Marine  
  77  5:37  SCV  
  80  5:52  SCV  
  80  5:54  SCV  
  82  5:58  Siege Tank  
  82  5:59  Starport Reactor  
  82  6:04  Armory, Engineering Bay, SCV  
  85  6:06  SCV  
  87  6:12  Supply Depot x2  
  87  6:13  Siege Tank, Hellion x2  
  87  6:16  SCV  
  87  6:18  SCV  
  96  6:28  SCV  
  96  6:32  SCV  
  98  6:33  Siege Tank  
  98  6:38  Viking x2, Hellion x2  
  110  6:40  Orbital Command  
  110  6:41  SCV  
  110  6:44  SCV  
  111  6:47  Refinery  
  111  6:49  Refinery  
  111  6:53  SCV  
  112  6:55  Siege Tank  
  112  6:56  SCV, Terran Vehicle Weapons Level 1  
  116  7:04  Hellion x2  
  116  7:06  SCV  
  116  7:07  Supply Depot  
  121  7:08  Supply Depot, SCV  
  121  7:12  SCV  
  123  7:18  SCV  
  123  7:20  Factory  
  123  7:21  SCV, Factory  
  125  7:30  Siege Tank x2, Hellion  
  125  7:31  Hellion  
  125  7:34  Viking  
  125  7:35  Viking  
  139  7:41  Supply Depot x2  
  139  7:43  Supply Depot  
  139  7:51  Missile Turret  
  139  7:52  Missile Turret  
  139  7:54  Missile Turret, Hellion x2  
  139  7:55  Missile Turret  
  143  8:02  Siege Tank, Supply Depot x2  
  143  8:03  Supply Depot  
  143  8:04  Factory Tech Lab  
  143  8:05  Factory Tech Lab  
  146  8:14  Siege Tank, Viking x2  
  146  8:19  Supply Depot  
  153  8:20  Supply Depot  
  153  8:22  Infernal Pre-Igniter  
  153  8:29  Armory  
  153  8:34  Siege Tank  
  153  8:38  Siege Tank x2  
  153  8:39  Hellion x2  
  166  8:49  Command Center  
  166  8:50  Siege Tank  
  166  8:53  Viking  
  171  8:57  Viking  
  171  9:01  Hellion x2  
  177  9:02  Supply Depot  
  177  9:03  Supply Depot  
  177  9:17  Command Center  
  177  9:21  Siege Tank  
  177  9:22  Hellion x2  
  181  9:35  Siege Tank  
  181  9:36  Hellion x2  
  165  9:42  Command Center  
  165  9:43  Siege Tank  
  165  9:44  Siege Tank  
  170  9:53  Viking x2  
  170  9:57  Missile Turret  
  174  10:09  Siege Tank, Hellion x3  
  183  10:15  Hellion  
  183  10:18  Starport  
  183  10:20  Starport  
  185  10:22  Starport  
  185  10:27  Siege Tank  
  188  10:32  Hellion x3  
  193  10:41  Command Center  
Show
View Real Time Build Order
Export as new Build Order

A.I. 2 (Very Hard) Terran 

Build Orders: MMM Bio 

Get SALT Encoding   

  12  0:00  SCV  
  13  0:13  SCV  
  14  0:18  Supply Depot  
  14  0:25  SCV  
  15  0:29  Refinery  
  15  0:40  SCV  
  16  0:48  Barracks  
  16  0:52  SCV  
  17  1:04  SCV  
  18  1:16  SCV  
  19  1:35  Marine  
  19  1:36  Orbital Command, Supply Depot  
  20  1:40  Factory  
  20  1:51  Barracks  
  20  1:53  Marine  
  21  2:02  SCV  
  21  2:05  Refinery  
  22  2:11  Marine  
  22  2:14  SCV  
  23  2:24  Supply Depot  
  23  2:25  Factory Tech Lab  
  23  2:26  SCV  
  24  2:32  Marine  
  24  2:38  Marine  
  24  2:39  SCV  
  26  2:51  Barracks Tech Lab  
  26  2:54  Hellion  
  26  2:55  Marine  
  28  3:10  Concussive Shells  
  28  3:12  Marauder  
  29  3:14  SCV  
  29  3:15  Barracks Tech Lab  
  29  3:16  Hellion  
  32  3:26  SCV  
  33  3:33  Marauder  
  37  3:34  Marauder  
  37  3:39  SCV  
  38  3:45  Starport  
  38  3:51  SCV  
  38  3:52  Supply Depot  
  39  4:13  Marine x2  
  39  4:14  SCV  
  42  4:17  Stimpack  
  42  4:24  Medivac  
  42  4:26  SCV  
  45  4:31  Marine x2  
  45  4:33  Supply Depot  
  45  4:37  Combat Shield  
  47  4:55  Marine, Medivac  
  47  4:56  Marauder, Supply Depot  
  52  5:11  Barracks  
  52  5:13  Marauder  
  54  5:16  Marine  
  55  5:27  Command Center  
  55  5:34  Marine  
  55  5:35  Marauder  
  58  5:44  Supply Depot  
  58  5:52  Marauder  
  58  5:56  Marine  
  61  5:58  Barracks Reactor  
  61  6:08  Supply Depot  
  61  6:13  Siege Tank, Marine  
  61  6:14  Marauder  
  67  6:32  Marauder, Supply Depot  
  69  6:38  Marauder  
  71  6:40  SCV  
  71  6:45  Siege Tank, SCV  
  76  6:52  SCV  
  77  6:57  SCV  
  78  7:04  SCV  
  78  7:05  Engineering Bay  
  79  7:11  SCV  
  80  7:16  SCV  
  80  7:17  Siege Tank  
  84  7:23  SCV  
  84  7:28  SCV  
  86  7:31  Terran Infantry Armor Level 1  
  86  7:35  SCV  
  86  7:36  Engineering Bay  
  87  7:40  SCV  
  87  7:43  Supply Depot  
  88  7:47  SCV  
  88  7:49  Siege Tank  
  92  7:52  SCV  
  92  7:54  Armory  
  93  7:59  SCV  
  93  8:02  Terran Infantry Weapons Level 1  
  93  8:05  SCV  
  95  8:11  SCV  
  96  8:17  SCV  
  96  8:18  Refinery  
  97  8:22  Refinery  
  97  8:25  Armory, Orbital Command  
  97  8:28  Missile Turret  
  97  8:32  Missile Turret  
  97  8:38  Barracks  
  97  8:39  SCV  
  97  8:41  Terran Vehicle Weapons Level 1  
  98  8:42  Supply Depot  
  98  8:52  SCV  
  98  8:53  SCV  
  100  8:58  Starport Reactor, Marine x2  
  100  8:59  Marauder  
  104  9:04  SCV  
  104  9:06  Supply Depot  
  105  9:17  Liberator  
  105  9:19  Siege Tank, Liberator  
  108  9:29  Supply Depot  
  108  9:30  Command Center  
  66  9:43  Marine  
  66  9:45  Marine  
  60  9:46  Marine  
  60  9:48  Marine  
  60  9:49  Marine  
  63  10:01  Marauder  
  63  10:02  Marine  
  63  10:04  Marine  
  63  10:06  Marine  
  68  10:07  Marine  
  69  10:15  Siege Tank  
  69  10:17  Viking  
  69  10:20  Marine  
  75  10:22  Marine  
  75  10:23  Marauder  
  75  10:24  Marine  
  73  10:39  Marauder  
Tags
 
Composition
MMM BioMech
League
Silver
Matchup
TvT
Race
Terran
Spawn Locations
Cross Positions
Add a new tag
Caveats
  • Supply blocks, unpowered buildings, or Contaminate may cause inaccurate times.
  • Supply counts are checked every 10 seconds.